 Dungeon Crawl Stone Soup version 0.30.1 (webtiles) character file.

Game seed: 5581834984152908067

14548 Graphine the Unseen (level 12, -4/75 HPs)
             Began as a Kobold Brigand on July 3, 2023.
             Was an Initiate of Gozag.
             Slain by a spriggan
             ... wielding the +6 trident of Venkajimnat {freeze, Str+3}
              (5 damage)
             ... on level 1 of the Lair of Beasts.
             The game lasted 00:33:07 (14239 turns).

Graphine the Unseen (Kobold Brigand)               Turns: 14239, Time: 00:33:08

Health: -4/75      AC: 20    Str: 12    XL:     12   Next: 46%
Magic:  12/12      EV: 25    Int: 12    God:    Gozag
Gold:   696        SH:  0    Dex: 24    Spells: 11/11 levels left

rFire   . . .        s - +4 dagger (speed)
rCold   . . .        (no shield)
rNeg    + + .        z - quicksilver dragon scales
rPois   +            l - +4 helmet of the Shore {rN+ rCorr MP-9 Dex+3}
rElec   .            c - +2 cloak
rCorr   +            i - +2 pair of gloves
SInv    .            (no boots)
Will    +....        v - amulet of the acrobat
Stlth   +++++++      r - +5 ring of evasion
HPRegen 0.32/turn    u - ring "Zyriank" {rPois rN+ MP+9 Str+3 Slay-2}
MPRegen 0.13/turn

%: acrobat
@: no status effects
A: small, no large weapons, nightstalker 3
a: Renounce Religion, Potion Petition, Call Merchant, Bribe Branch


You were on level 1 of the Lair of Beasts.
You worshipped Gozag.
Gozag was pleased with you.
You visited 3 branches of the dungeon, and saw 12 of its levels.

You collected 1097 gold pieces.
You spent 176 gold pieces at shops.
You paid 225 gold pieces to Gozag.

Inventory:

Hand Weapons
 a - a +2 dagger of flaming
 n - a +2 short sword of flaming
 s - a +4 dagger of speed (weapon)
Missiles
 d - 28 poisoned darts (quivered)
 e - 4 curare-tipped darts
 f - 6 boomerangs of dispersal
Armour
 c - a +2 cloak (worn)
 i - a +2 pair of gloves (worn)
 l - the +4 helmet of the Shore (worn) {rN+ rCorr MP-9 Dex+3}
   (You acquired it on level 7 of the Dungeon)

   Dex:       It affects your dexterity (+3).
   rN:        It protects you from negative energy.
   MP:        It affects your magic capacity (-9).
   rCorr:     It protects you from acid and corrosion.
 q - a +1 robe of resistance
 z - quicksilver dragon scales (worn)
Jewellery
 j - a ring of wizardry
 p - a +6 ring of intelligence
 r - a +5 ring of evasion (left hand)
 t - a ring of wizardry
 u - the ring "Zyriank" (right hand) {rPois rN+ MP+9 Str+3 Slay-2}
   (You found it on level 5 of the Dungeon)

   [ring of positive energy]

   Str:       It affects your strength (+3).
   Slay:      It affects your accuracy & damage with ranged weapons and melee
   (-2).
   rPois:     It protects you from poison.
   rN:        It protects you from negative energy.
   MP:        It affects your magic capacity (+9).
 v - an amulet of the acrobat (around neck)
Wands
 I - a wand of digging (7)
 J - a wand of polymorph (5)
Scrolls
 x - 3 scrolls of magic mapping
 A - 5 scrolls of teleportation
 C - 2 scrolls of identify
Potions
 g - a potion of flight
 h - 3 potions of curing
 k - 2 potions of haste
 m - a potion of magic
 o - a potion of cancellation
 w - a potion of brilliance
 B - a potion of attraction
 E - a potion of ambrosia
 F - a potion of mutation
 K - a potion of berserk rage {unknown}
Miscellaneous
 b - a piece from Xom's chessboard (15/15)


   Skills:
 + Level 8.5 Fighting
 - Level 10.0 Short Blades
 - Level 2.3 Throwing
 + Level 9.0 Dodging
 * Level 15.4 Stealth
 * Level 12.2 Evocations


You had 11 spell levels left.
You didn't know any spells.
Your spell library contained the following spells:

 Spells                   Type           Power      Damage    Failure   Level
 Ensorcelled Hibernation  Hex/Ice        0%         N/A       75%         2
 Lesser Beckoning         Tloc           0%         N/A       75%         2
 Gell's Gravitas          Tloc           0%         N/A       92%         3
 Spider Form              Tmut/Pois      0%         N/A       92%         3
 Teleport Other           Tloc           0%         N/A       92%         3
 Tukima's Dance           Hex            0%         N/A       92%         3
 Anguish                  Hex/Necr       0%         N/A       100%        4
 Passage of Golubria      Tloc           0%         N/A       100%        4
 Borgnjor's Vile Clutch   Necr/Erth      0%         N/A       100%        5
 Yara's Violent Unravell  Hex/Tmut       0%         3d3       100%        5
 Death Channel            Necr           0%         N/A       100%        6
 Animate Dead             Necr           Unusable   N/A       N/A         4

Dungeon Overview and Level Annotations

Branches:
Dungeon (10/15)            Temple (1/1) D:5            Lair (1/5) D:10
    Orc (0/2) D:9

Altars:
Ashenzari
Cheibriados
Dithmenos
Elyvilon
Fedhas
Gozag
Hepliaklqana
Kikubaaqudgha
Makhleb
Nemelex Xobeh
Okawaru
Qazlal
Ru
Sif Muna
Trog
Uskayaw
Vehumet
Wu Jian
Xom
Yredelemnul
Zin
The Shining One

Shops:
D:1 (   D:3 *   D:5 (   D:6 (

Portals:
Trove: D:10 (give 7 scrolls of fear)

Annotations:
D:6 grothendieck's ghost, novice TrFi
Lair:1 Graphine's ghost, journeyman MfGl


Innate Abilities, Weirdness & Mutations

You are small and have problems with some larger weapons.
You are completely attuned to the shadows.


Message History

The bullfrog attacks as you move away! The bullfrog misses you. x2
The spriggan hits you from afar with the +6 trident of Venkajimnat {freeze, Str+3}!
The spriggan freezes you.
The spriggan rider hits you but does no damage.
The bullfrog completely misses you. The bullfrog attacks as you move away!
The bullfrog completely misses you.
The spriggan hits you from afar with the +6 trident of Venkajimnat {freeze, Str+3}!
* * * LOW HITPOINT WARNING * * *
The spriggan freezes you.
* * * LOW HITPOINT WARNING * * *
The bullfrog closely misses you. The bullfrog attacks as you move away!
The bullfrog misses you. The bullfrog attacks as you move away!
The bullfrog completely misses you. x2
The spriggan rider barely misses you. The spriggan completely misses you.
The spriggan rider closely misses you. The spriggan closely misses you.
The spriggan rider hits you from afar with a +0 spear!
* * * LOW HITPOINT WARNING * * *
The spriggan completely misses you. The spriggan misses you.
Okay, then.
Blink to where?
Press: ? - help, Dir - move target
As you read the scroll of blinking, it crumbles to dust.
The spriggan closely misses you. The spriggan completely misses you.
You enter the shallow water.
Moving in this stuff is going to be slow.
The spriggan closely misses you. The spriggan completely misses you.
The spriggan closely misses you. The spriggan misses you.
The spriggan completely misses you.
There is a staircase back to the Dungeon here.
You can't go down here!
The spriggan hits you from afar with the +6 trident of Venkajimnat {freeze, Str+3}!
* * * LOW HITPOINT WARNING * * *
The spriggan freezes you.
You die...
Your body crumbles into a pile of gold.

##............§≈≈≈≈~
#.............≈≈≈§~.
#..............~≈~..
#.............~....
#.............~....
#..................
##i...P........#.#.
#............P.....
#.@................
#..................
#..................
#..................
##.................
........ ........
........ ....##..


You could see a spriggan.

Vanquished Creatures
  Josephine (D:10)
  The ghost of LavenderCorpse the Fighter, a journeyman DrWr of Qazlal (D:10)
  5 two-headed ogres
  3 cane toads (Lair:1)
  Maggie (D:7)
  2 unseen horrors (D:10)
  2 komodo dragons (Lair:1)
  Prince Ribbit (D:7)
  A hornet (D:5)
  9 yaks (D:10)
  A wyvern (D:10)
  7 wraiths (D:10)
  A steam dragon (D:8)
  Menkaure (D:5)
  An acid dragon (D:10)
  2 water moccasins
  3 black bears
  An ice beast (D:8)
  3 orc warriors
  8 wolves (Lair:1)
  8 centaurs
  A kobold brigand (D:9)
  3 bullfrogs
  A gnoll sergeant (D:9)
  4 scorpions
  9 wights
  11 killer bees
  6 quasits (D:4)
  A hound (D:5)
  A jelly (D:5)
  4 orc priests
  A sleepcap (D:7)
  2 gnoll boudas
  Jessica (D:2)
  Natasha (thrice) (D:4)
  Terence (D:3)
  3 iguanas
  4 orc wizards
  16 gnolls
  3 adders (D:3)
  4 river rats (D:6)
  6 shadow imps
  7 white imps
  6 ufetubi
  4 worms (D:3)
  2 dart slugs
  28 orcs
  8 endoplasms
  6 giant cockroaches
  10 hobgoblins
  13 jackals
  5 quokkas
  6 ball pythons
  9 bats
  5 frilled lizards
  7 goblins
  18 kobolds
  5 rats
286 creatures vanquished.

Vanquished Creatures (others)
  A goblin (D:3)
  A quokka (D:3)
2 creatures vanquished.

Grand Total: 288 creatures vanquished

Notes
Turn   | Place    | Note
-------+----------+-------------------------------------------
     0 | D:1      | Graphine the Kobold Brigand began the quest for the Orb.
     0 | D:1      | Reached XP level 1. HP: 12/12 MP: 1/1
    41 | D:1      | Found Meifibul's Antique Weapon Shop.
    64 | D:1      | Reached XP level 2. HP: 15/18 MP: 2/2
   298 | D:1      | Reached XP level 3. HP: 22/22 MP: 3/3
   607 | D:2      | Noticed Jessica
   611 | D:2      | Killed Jessica
   612 | D:2      | Reached skill level 6 in Stealth
   612 | D:2      | Reached XP level 4. HP: 27/27 MP: 4/4
   647 | D:2      | Found a hide-covered altar of Uskayaw.
  1106 | D:3      | Noticed Terence
  1109 | D:3      | Killed Terence
  1110 | D:3      | Reached skill level 1 in Evocations
  1110 | D:3      | Reached XP level 5. HP: 32/32 MP: 5/5
  1179 | D:3      | Found a shimmering altar of Xom.
  1418 | D:3      | Found a white marble altar of Elyvilon.
  1467 | D:3      | Found a hide-covered altar of Uskayaw.
  1725 | D:3      | Found Sirusa Seci's Assorted Antiques.
  1730 | D:3      | Bought a scroll labelled VUEKIE MOHYNT for 28 gold pieces
  1730 | D:3      | Bought a scroll labelled HEWEHU ITOKYT for 28 gold pieces
  1807 | D:3      | Noticed a moth of wrath
  1810 | D:3      | Found a bloodstained altar of Trog.
  1994 | D:3      | Found a burning altar of Makhleb.
  2089 | D:4      | Reached XP level 6. HP: 21/37 MP: 6/6
  2098 | D:4      | Reached skill level 7 in Stealth
  2530 | D:4      | Reached XP level 7. HP: 41/41 MP: 7/7
  2530 | D:4      | Noticed Natasha
  2536 | D:4      | Killed Natasha
  2698 | D:4      | Noticed Natasha
  2713 | D:4      | Killed Natasha
  2924 | D:4      | Reached skill level 8 in Stealth
  3279 | D:4      | Noticed Natasha
  3284 | D:4      | Killed Natasha
  3618 | D:5      | Entered Level 5 of the Dungeon
  3633 | D:5      | Reached skill level 5 in Short Blades
  3633 | D:5      | Reached XP level 8. HP: 48/48 MP: 8/8
  3705 | D:5      | Found a staircase to the Ecumenical Temple.
  3719 | Temple   | Entered the Ecumenical Temple
  3863 | D:5      | Found Okhletiqe's Antique Weapon Emporium.
  3872 | D:5      | Bought a runed dagger for 120 gold pieces
  3997 | D:5      | Identified the ring "Zyriank" {rPois rN+ MP+9 Str+3 Slay-2}
  4149 | D:5      | Noticed Menkaure
  4153 | D:5      | Killed Menkaure
  4154 | D:5      | Reached skill level 5 in Evocations
  4180 | D:5      | Found a radiant altar of Vehumet.
  4216 | D:5      | Found a broken altar of Ashenzari.
  4396 | D:5      | Reached skill level 9 in Stealth
  4495 | D:5      | Noticed a hornet
  4523 | D:5      | Killed a hornet
  5003 | D:6      | Reached XP level 9. HP: 53/53 MP: 9/9
  5151 | D:6      | Found a snail-covered altar of Cheibriados.
  5250 | D:6      | Reached skill level 5 in Fighting
  5404 | D:6      | Reached skill level 5 in Dodging
  5422 | D:6      | Reached skill level 10 in Stealth
  5715 | D:6      | Found Cyon's Antique Weapon Boutique.
  5732 | D:6      | Found a transporter.
  5743 | D:6      | Noticed grothendieck's ghost (novice TrFi)
  5745 | D:6      | Identified the +1 great mace of Stained Valour {venom, rC-
                  | rN+ Int+4}
  5745 | D:6      | Noticed a two-headed ogre
  5874 | D:6      | Found a transporter.
  6448 | D:7      | Noticed Prince Ribbit
  6452 | D:7      | Killed Prince Ribbit
  6472 | D:7      | Noticed Maggie
  6476 | D:7      | Killed Maggie
  6592 | D:7      | Reached skill level 11 in Stealth
  7066 | D:7      | Identified a scroll of acquirement
  7066 | D:7      | Acquired the +4 helmet of the Shore {rN+ rCorr MP-9 Dex+3}
  7184 | D:8      | Noticed a two-headed ogre
  7242 | D:8      | Killed a two-headed ogre
  7243 | D:8      | Reached XP level 10. HP: 28/60 MP: 10/10
  7737 | D:8      | Reached skill level 12 in Stealth
  8009 | D:8      | Noticed a two-headed ogre
  8013 | D:8      | Killed a two-headed ogre
  8394 | D:8      | Found a sparkling altar of Nemelex Xobeh.
  8778 | D:9      | Found a basalt altar of Yredelemnul.
  8785 | D:9      | Found a staircase to the Orcish Mines.
  9084 | D:9      | Noticed a two-headed ogre
  9107 | D:9      | Reached XP level 11. HP: 47/66 MP: 11/11
  9432 | D:9      | Killed a two-headed ogre
  9433 | D:9      | Reached skill level 13 in Stealth
  9433 | D:9      | Reached skill level 10 in Evocations
  9627 | D:9      | Noticed a two-headed ogre
  9652 | D:9      | Killed a two-headed ogre
  9717 | D:9      | Found a shadowy altar of Dithmenos.
 10225 | D:10     | Entered Level 10 of the Dungeon
 10505 | D:10     | Found an opulent altar of Gozag.
 10612 | D:10     | Became a worshipper of Gozag Ym Sagoz the Greedy
 10908 | D:10     | Reached skill level 14 in Stealth
 11078 | D:10     | Found a large runed translucent door.
 11079 | D:10     | Found a large runed translucent door.
 11098 | D:10     | Found a staircase to the Lair.
 11501 | D:10     | Noticed Josephine
 11665 | D:10     | Killed Josephine
 11828 | D:10     | Found a portal to a secret trove of treasure.
 12073 | D:10     | Reached XP level 12. HP: 58/73 MP: 12/12
 12151 | D:10     | Found a glowing silver altar of Zin.
 12377 | D:10     | Found a blossoming altar of Fedhas.
 12531 | D:10     | Noticed a two-headed ogre
 12537 | D:10     | Killed a two-headed ogre
 12631 | D:10     | Noticed LavenderCorpse's ghost (journeyman DrWr)
 12806 | D:10     | Killed LavenderCorpse's ghost
 12951 | Lair:1   | Entered Level 1 of the Lair of Beasts
 13359 | Lair:1   | Reached skill level 15 in Stealth
 13456 | Lair:1   | Reached skill level 10 in Short Blades
 13919 | Lair:1   | Found a runed translucent door.
 13920 | Lair:1   | Noticed a spriggan rider
 14117 | Lair:1   | Identified the +6 trident of Venkajimnat {freeze, Str+3}
 14117 | Lair:1   | Noticed Graphine's ghost (journeyman MfGl)
 14212 | Lair:1   | HP: 3/75 [spriggan rider/+0 spear (13)]
 14239 | Lair:1   | HP: 1/75 [spriggan/the +6 trident of Venkajimnat {freeze,
                  | Str+3} (11)]
 14239 | Lair:1   | Slain by a spriggan

Illustrated notes

Levels and vault maps discovered:
D:1:      reono_arrival_forest_river, layout_rooms, serial_shops,
          nicolae_shop_behind_doors
D:2:      layout_basic, basic_altar, uniq_jessica
D:3:      layout_basic, tgw_trog, elyvilon_altar_4, xom_confusion_cloud,
          lemuel_tele_altar, nicolae_uskayaw_dance_hall, serial_shops,
          nicolae_shop_peninsula, uniq_terence
D:4:      minmay_bubble_buster, layout_basic, serial_demonic, serial_demonic_e,
          serial_demonic_a, serial_demonic_a, serial_demonic_e,
          serial_demonic_b, serial_demonic_f, serial_demonic_d,
          serial_demonic_c, serial_demonic_c, serial_demonic_f, uniq_natasha
D:5:      minmay_general_purpose_star, layout_basic,
          mainiacjoe_overflow_divided_tiny, minmay_temple_entry_proselytizer,
          serial_shops, shop, serial_corexii_hall, corexii_hall_statues_l,
          corexii_hall_statues_u, uniq_menkaure
D:6:      wad_woods_tower, layout_cave_pools, kennysheep_mini_moat,
          serial_shops, shop, gammafunk_ghost_smash
D:7:      layout_cave_pods, uniq_prince_ribbit1, uniq_maggie
D:8:      layout_basic, overflow_temple_1_default, kennysheep_generic_room_7
D:9:      layout_loops_ring, nicolae_dithmenos_through_a_glass_darkly,
          overflow_temple_1_default, david_orc_2
D:10:     layout_small_grid, mainiacjoe_overflow_boulevard,
          pdpol_temple_overflow_zin_treasury_gozag_greed, lair_entry_dummy,
          nicolae_trove_entry_columns, ebering_ghost_disaster_area, nrook_uturn,
          grunt_ministairs_5, minivault_16, uniq_josephine
Temple:   nicolae_temple_colour_theory
Lair:1:   layout_hall_layers, ebering_ghost_funeral_grove, lemuel_old_faithful,
          grunt_megastairs_5

Skill      XL: |  1  2  3  4  5  6  7  8  9 10 11 12 |
---------------+-------------------------------------+-----
Short Blades   | 3 4 5 7 8 9 10 | 10.0
Dodging        | 2 3 4 6 7 8 9 |  9.0
Stealth        | 6 7 8 9 11 12 14 15 | 15.4
Fighting       | 3 4 6 8 |  8.5
Evocations     | 1 2 3 4 6 8 9 11 12 | 12.2
Throwing       | |  2.3

Action                     |  1- 3 |  4- 6 |  7- 9 | 10-12 || total
---------------------------+-------+-------+-------+-------++-------
  Melee: Dagger            |    65 |    65 |   322 |  1629 ||  2081
         Short sword       |       |    78 |    99 |    26 ||   203
         Punch             |       |     2 |     5 |    40 ||    47
  Throw: Dart              |     2 |     1 |       |     5 ||     8
         Throwing net      |       |       |       |     4 ||     4
  Evoke: Wand              |       |    11 |     4 |    19 ||    34
    Use: Scroll            |       |     6 |    14 |    15 ||    35
         Potion            |       |     2 |     7 |     4 ||    13
   Stab: Sleeping          |    11 |    17 |    33 |    21 ||    82
         Distracted        |       |     3 |     3 |     5 ||    11
         Held in net/web   |       |       |       |     1 ||     1
         Paralysed         |       |       |       |     1 ||     1
 Armour: Robe              |    11 |    55 |    38 |       ||   104
         Skin              |       |       |    20 |       ||    20
         Quicksilver drago |       |       |    15 |   246 ||   261
  Dodge: Dodged            |    26 |   127 |   278 |   976 ||  1407
